 Dungeon Crawl Stone Soup version 0.32-a0-290-g598725c5f2 (webtiles) character file.

Game seed: 17399496273784611695

111 timneilson the Ruffian (level 4, -4/29 HPs)
             Began as an Octopode Shapeshifter on Feb 13, 2024.
             Slain by an iguana (11 damage)
             ... on level 2 of the Dungeon.
             The game lasted 00:02:58 (1454 turns).

timneilson the Ruffian (Octopode Shapeshifter)      Turns: 1454, Time: 00:02:59

Health: -4/29      AC:  1    Str: 15    XL:     4   Next: 92%
Magic:  4/4        EV: 13    Int: 12    God:
Gold:   96         SH:  0    Dex: 11    Spells: 3/3 levels left

rFire   . .          .
                       - Unarmed
rCold   . . .        (no shield)
rNeg    . . .        (helmet currently unavailable)
rPois   .            (no amulet)
rElec   .            (no ring)
rCorr   .            (no ring)
SInv    .            (no ring)
Will    .....        (no ring)
Stlth   +++          (no ring)
HPRegen 0.24/turn    (no ring)
MPRegen 0.09/turn    (no ring)
                     (no ring)

%: no passive effects
@: beast-form
A: beast (slay +2), almost no armour, amphibious, 8 rings, camouflage 1,
gelatinous body 1, (nimble swimmer 1), tentacles
a: Begin Untransformation


You were on level 2 of the Dungeon.
You were a hulking beast.
You visited 1 branch of the dungeon, and saw 2 of its levels.

You collected 96 gold pieces.

Inventory:

Talismans
 b - a beast talisman (active)
 c - a flux talisman
Scrolls
 e - 2 scrolls of identify {unknown}
 f - a scroll of enchant armour {unknown}
Potions
 a - a potion of lignification
 d - a potion of degeneration {unknown}
 g - 2 potions of cancellation {unknown}


   Skills:
 * Level 2.1 Fighting
 * Level 3.0 Dodging
 + Level 1.8 Stealth
 * Level 3.5 Unarmed Combat
 * Level 3.5 Shapeshifting


You had 3 spell levels left.
You didn't know any spells.
Your spell library contained the following spells:

 Spells                   Type           Power      Damage    Failure   Level
 Apportation              Tloc           0%         N/A       32%         1
 Necrotise                Necr           0%         1d4       32%         1
 Sting                    Conj/Alch      0%         1d3       32%         1
 Summon Small Mammal      Summ           0%         N/A       32%         1
 Blink                    Tloc           0%         N/A       45%         2
 Lesser Beckoning         Tloc           0%         N/A       45%         2
 Momentum Strike          Conj/Tloc      0%         3d8       45%         2


Dungeon Overview and Level Annotations

Branches:
Dungeon (2/15)

Altars:

Shops:
D:1 ?


Innate Abilities, Weirdness & Mutations

You are a hulking beast.
Your limbs bulge with bestial killing power. (Slay +2)
You cannot wear most types of armour.
You are amphibious.
You can wear up to eight rings at the same time.
Your skin changes colour to match your surroundings (Stealth+).
Your rubbery body absorbs attacks. (AC +1, EV +1)
((You are camouflaged when in or above water. (Stealth+)))
You have tentacles for arms and can constrict up to eight enemies at once.


Message History

A bat comes into view.
The helpless bat fails to defend itself.
You tentacle-slap the bat. You grab the bat. You squeeze the bat.
You kill the bat!
You see here a bat corpse.
You now have 77 gold pieces (gained 8).
A bat comes into view.
A bat is nearby!
The helpless bat fails to defend itself.
You tentacle-slap the bat.
You kill the bat!
You see here a bat corpse.
A dart slug comes into view.
Found 6 stones.
You tentacle-slap the dart slug. Your grab misses the dart slug.
You squeeze the dart slug.
You kill the dart slug!
You see here a dart slug corpse.
You now have 96 gold pieces (gained 19).
You see here a bat corpse.
You see here a bat corpse.
Found a ring mail.
You see here a +0 ring mail.
Found a stone staircase leading down.
An iguana comes into view.
Found 4 gold pieces.
The iguana hisses angrily.
Found 2 stones.
The iguana barely misses you.
You closely miss the iguana. You grab the iguana. You constrict the iguana.
The iguana bites you!
You tentacle-slap the iguana.
The iguana is moderately wounded.
You constrict the iguana, but do no damage.
The iguana bites you!
* * * LOW HITPOINT WARNING * * *
You tentacle-slap the iguana but do no damage.
The iguana is moderately wounded.
You constrict the iguana. The iguana bites you!
You die...

..# .##
#.......
#.......
#.......
##......
###.......
.......
#.........
. .....
#..#.###.#
$. ....
#........)
#. #..
#..#.###.#
#.. #l#
#..#.#$#.#
##...###h#
#. #.###.#
.........#
#.........
..(####..#
..#.###.#
#.## ....
.... #..##
.. ..###
##..# ....
####.##
...
#.....# ..
#.##..#


You could see an iguana.

Vanquished Creatures
  2 gnolls
  An adder (D:2)
  2 ribbon worms (D:2)
  2 dart slugs
  4 ball pythons (D:1)
  4 endoplasms
  3 giant cockroaches (D:2)
  4 goblins
  3 hobgoblins (D:1)
  2 jackals (D:1)
  4 kobolds
  A quokka (D:2)
  6 bats
  2 frilled lizards (D:1)
  2 rats (D:1)
42 creatures vanquished.

Notes
Turn   | Place    | Note
-------+----------+-------------------------------------------
     0 | D:1      | timneilson the Octopode Shapeshifter began the quest for
                  | the Orb.
     0 | D:1      | Reached XP level 1. HP: 13/13 MP: 1/1
    81 | D:1      | Reached XP level 2. HP: 18/18 MP: 2/2
   257 | D:1      | Reached skill level 1 in Stealth
   258 | D:1      | Reached XP level 3. HP: 10/23 MP: 3/3
   520 | D:1      | Found Coopiler's Magic Scroll Emporium.
   600 | D:1      | Found a faded altar of an unknown god.
   928 | D:2      | Reached XP level 4. HP: 14/29 MP: 4/4
  1454 | D:2      | Slain by an iguana

Illustrated notes

Levels and vault maps discovered:
D:1:      dpeg_arrival_three_same_balls, layout_loops_cross,
          dreamdust_ecumenical_altar_hidden_monk_grotto, serial_shops,
          nicolae_shop_tiny_glass
D:2:      layout_basic, minmay_misc_feat_cross, minmay_surrounded

Skill      XL: |  1  2  3  4 |
---------------+-------------+-----
Stealth        | 1 |  1.8
Fighting       | 2 |  2.1
Dodging        | 3 |  3.0
Unarmed Combat | |  3.5
Shapeshifting  | |  3.5

Action                     |  1- 3 |  4- 6 || total
---------------------------+-------+-------++-------
  Melee: Unarmed           |    51 |    25 ||    76
         Constrict         |    12 |     8 ||    20
         Tentacles         |    12 |     8 ||    20
         Punch             |     4 |     1 ||     5
    Use: Scroll            |     1 |       ||     1
   Stab: Sleeping          |     6 |     3 ||     9
 Armour: Skin              |    20 |     9 ||    29
  Dodge: Dodged            |    21 |     9 ||    30

Table legend: (Time is in decaauts)
 A = Elapsed time spent in this place.
 B = Non-inter-level travel time spent in this place.
 C = Inter-level travel time spent in this place.
 D = Time resting spent in this place.
 E = Time spent auto-exploring this place.
 F = Levels seen in this place.
 G = Mean time per level.
                   A        B        C        D        E       F      G
               +--------+--------+--------+--------+--------+-----+--------+
         Total |   1448 |   1368 |     80 |     92 |    969 |   2 |  724.0 |
       Dungeon |   1448 |   1368 |     80 |     92 |    969 |   2 |  724.0 |
               +--------+--------+--------+--------+--------+-----+--------+

Top non-repeatable levels by time:
     D:1: 869 daAuts
     D:2: 579 daAuts
